 Dungeon Crawl Stone Soup version 0.30.1-9-gdf580d7c3d (webtiles) character file.

Game seed: 7422756011604178575

1820 Cheops the Shield-Bearer (level 9, 0/68 HPs)
             Began as a Naga Fire Elementalist on Oct 10, 2023.
             Was a Follower of Cheibriados.
             Slain by a hornet (9 damage)
             ... on level 6 of the Dungeon.
             The game lasted 00:21:14 (7431 turns).

Cheops the Shield-Bearer (Naga Fire Elementalist)   Turns: 7431, Time: 00:21:15

Health: 0/68       AC:  6    Str: 13    XL:     9   Next: 10%
Magic:  8/13       EV: 15    Int: 21    God:    Cheibriados [*.....]
Gold:   356        SH:  0    Dex: 14    Spells: 7/14 levels left

rFire   . . .        o - +0 dagger (venom)
rCold   . . .        (no shield)
rNeg    . . .        a - +0 robe
rPois   +            g - +1 hat
rElec   .            (no cloak)
rCorr   .            x - +0 pair of gloves
SInv    +            (no barding)
Will    +....        u - amulet of magic regeneration
Stlth   ++           s - ring of wizardry
HPRegen 0.31/turn    c - +5 ring of evasion
MPRegen 0.53/turn

%: wizardry (x1)
@: lethally poisoned (0 -> -5), very slow
A: AC +3, large, see invisible, deformed body, poison resistance, slowness 2,
spit poison 1, naga tail 1
a: Spit Poison, Renounce Religion, Bend Time


You were on level 6 of the Dungeon.
You worshipped Cheibriados.
Cheibriados was aware of your devotion.
You visited 2 branches of the dungeon, and saw 7 of its levels.

You collected 356 gold pieces.

Inventory:

Hand Weapons
 m - a +0 dagger
 o - a +0 dagger of venom (weapon)
Armour
 a - a +0 robe (worn)
 g - a +1 hat (worn)
 j - a +0 buckler
 x - a +0 pair of gloves (worn)
Magical Staves
 r - a staff of cold
Jewellery
 c - a +5 ring of evasion (right hand)
 s - a ring of wizardry (left hand)
 u - an amulet of magic regeneration (around neck)
 y - a ring of protection from cold
 E - a ring of protection from fire
Scrolls
 i - 3 scrolls of vulnerability {unknown}
 k - 3 scrolls of teleportation {unknown}
 n - a scroll of silence {unknown}
 p - a scroll of brand weapon {unknown}
 t - 2 scrolls of fear {unknown}
 v - 3 scrolls of fog
 A - a scroll of summoning {unknown}
 B - 2 scrolls of immolation {unknown}
 C - a scroll of blinking {unknown}
 F - a scroll of poison
 G - a scroll of enchant armour {unknown}
Potions
 b - a potion of magic
 d - 2 potions of lignification
 e - 2 potions of curing
 f - 2 potions of attraction {unknown}
 h - 2 potions of heal wounds {unknown}
 l - 2 potions of invisibility {unknown}
 q - a potion of resistance
 w - 2 potions of mutation
 z - a potion of degeneration {unknown}
 D - a potion of ambrosia {unknown}


   Skills:
 - Level 1.5 Dodging
 - Level 3.0 Stealth
 - Level 6.7 Shields
 - Level 3.0 Spellcasting
 + Level 6.2 Conjurations
 + Level 6.2 Fire Magic


You had 7 spell levels left.
You knew the following spells:

 Your Spells              Type           Power      Damage    Failure   Level
a - Foxfire               Conj/Fire      100%       2x1d9     1%          1
b - Scorch                Fire           58%        2d7       1%          2
w - Flame Wave            Conj/Fire      29%        2d9       4%          4

Your spell library contained the following spells:

 Spells                   Type           Power      Damage    Failure   Level
 Dazzling Flash           Conj/Hex       32%        N/A       4%          3
 Inner Flame              Hex/Fire       16%        N/A       4%          3
 Volatile Blastmotes      Fire/Tloc      32%        2d12      4%          3
 Summon Small Mammal      Summ           12%        N/A       5%          1
 Call Canine Familiar     Summ           3%         N/A       16%         3
 Summon Guardian Golem    Hex/Summ       3%         N/A       16%         3
 Agony                    Necr           3%         N/A       78%         5
 Silence                  Hex/Air        1%         N/A       78%         5
 Yara's Violent Unravell  Hex/Tmut       1%         3d3       78%         5
 Enfeeble                 Hex            1%         N/A       100%        7


Dungeon Overview and Level Annotations

Branches:
Dungeon (6/15)             Temple (1/1) D:6

Altars:
Ashenzari
Cheibriados
Dithmenos
Elyvilon
Fedhas
Gozag
Hepliaklqana
Kikubaaqudgha
Makhleb
Okawaru
Qazlal
Ru
Sif Muna
Trog
Uskayaw
Vehumet
Wu Jian
Xom
Yredelemnul
Zin


Innate Abilities, Weirdness & Mutations

Your serpentine skin is tough. (AC +3)
You have supernaturally acute eyesight. (SInv)
Armour fits poorly on your strangely shaped body.
Your system is resistant to poisons. (rPois)
You cover ground very slowly.
You can spit poison.
You have a snake-like lower body.


Message History

The hornet attacks as you move away! The hornet stings you.
* * * LOW HITPOINT WARNING * * *
You feel yourself speed up.
You feel extremely sick. The hornet barely misses you.
The hornet stings you but does no damage.
The hornet stings you!
* * * LOW HITPOINT WARNING * * *
You suddenly lose the ability to move!
You can move again.
Casting: Scorch (safe; 1% risk of failure)
Confirm with . or Enter, or press ? or * to list all spells.
Okay, then.
You feel better. The hornet stings you!
* * * LOW HITPOINT WARNING * * *
You are poisoned.
You feel yourself slow down.
The centaur unwields a +0 shortbow.
The centaur hits you.
* * * LOW HITPOINT WARNING * * *
The centaur kicks you.
* * * LOW HITPOINT WARNING * * *
Casting: Scorch (safe; 1% risk of failure)
Confirm with . or Enter, or press ? or * to list all spells.
Casting: Flame Wave (dangerous; 4% risk of failure)
Press: ? - help, Dir - look around, f - activate A wave of flame ripples out!
The flame wave engulfs the centaur!
The centaur is heavily wounded.
The flame wave engulfs the hornet.
The hornet is heavily wounded. (Press . to intensify the flame waves.)
You feel yourself speed up.
You feel very sick. The hornet barely misses you.
An adder comes into view.
The centaur barely misses you.
The centaur kicks you but does no damage.
The hornet misses you. The centaur hits you.
* * * LOW HITPOINT WARNING * * *
The centaur misses you. The hornet stings you!
You die...

..# ..c.
...######...
....#.#....#....#.
#......c... ....?.
....!..... ....#
......... ##....#
........###.....
..# #...y@#..##
.#...
###.c.S...###.....
###...###.#.....
##........^...
###.........# .
#..........
#.......# .
#.....#..#### ..#
....###.#...####
..#


You could see a hornet (combustible), a centaur and an adder.

Vanquished Creatures
  A water moccasin (D:6)
  2 ice beasts (D:6)
  An orc warrior (Temple)
  2 black bears
  2 ogres (D:5)
  2 centaurs
  A phantom (D:5)
  2 scorpions
  3 hounds
  2 jellies
  4 orc priests
  6 iguanas
  2 orc wizards
  2 sleepcaps
  6 gnolls
  6 adders
  2 shadow imps (D:6)
  2 worms
  A dart slug (D:2)
  18 orcs
  6 ball pythons
  7 endoplasms
  3 giant cockroaches (D:4)
  7 goblins
  6 hobgoblins
  2 jackals (D:2)
  5 quokkas
  7 bats
  A frilled lizard (D:2)
  4 kobolds
  3 rats
118 creatures vanquished.

Vanquished Creatures (others)
  532 foxfires
532 creatures vanquished.

Grand Total: 650 creatures vanquished

Notes
Turn   | Place    | Note
-------+----------+-------------------------------------------
     0 | D:1      | Cheops the Naga Fire Elementalist began the quest for the
                  | Orb.
     0 | D:1      | Reached XP level 1. HP: 15/15 MP: 3/3
   401 | D:1      | Reached XP level 2. HP: 22/22 MP: 1/5
  1138 | D:2      | Reached XP level 3. HP: 28/28 MP: 4/7
  1141 | D:2      | Learned a level 2 spell: Scorch
  2356 | D:3      | Reached XP level 4. HP: 33/36 MP: 3/8
  2694 | D:3      | Found a blossoming altar of Fedhas.
  2884 | D:3      | Reached XP level 5. HP: 42/42 MP: 2/9
  3837 | D:3      | Learned a level 4 spell: Flame Wave
  3845 | D:4      | Reached XP level 6. HP: 49/49 MP: 4/10
  4422 | D:4      | Reached skill level 5 in Conjurations
  5122 | D:5      | Entered Level 5 of the Dungeon
  5170 | D:5      | Found a snail-covered altar of Cheibriados.
  5170 | D:5      | Found a large runed translucent door.
  5170 | D:5      | Found a large runed translucent door.
  5249 | D:5      | Reached skill level 5 in Fire Magic
  5249 | D:5      | Reached XP level 7. HP: 55/55 MP: 9/11
  5372 | D:5      | Reached skill level 1 in Shields
  5384 | D:5      | HP: 1/55 [gnoll/+0 spear (3)]
  5397 | D:5      | HP: 2/82 [iguana (6)]
  5705 | D:5      | Found a hide-covered altar of Uskayaw.
  5966 | D:5      | Found a sacrificial altar of Ru.
  6034 | D:5      | Reached XP level 8. HP: 62/62 MP: 9/12
  6093 | D:5      | Found an iron altar of Okawaru.
  6251 | D:5      | Became a worshipper of Cheibriados the Contemplative
  6443 | D:5      | Found a white marble altar of Elyvilon.
  6446 | D:5      | Found a shimmering blue altar of Sif Muna.
  6491 | D:6      | Reached skill level 5 in Shields
  6793 | D:6      | Found a staircase to the Ecumenical Temple.
  6817 | Temple   | Entered the Ecumenical Temple
  7211 | Temple   | Reached * piety under Cheibriados
  7325 | Temple   | Reached XP level 9. HP: 52/68 MP: 9/13
  7423 | D:6      | Noticed a hornet
  7429 | D:6      | Paralysed by a hornet for 1 turns
  7431 | D:6      | Slain by a hornet

Illustrated notes

Levels and vault maps discovered:
D:1:      lightli_arrival_chessboard, layout_basic
D:2:      layout_basic
D:3:      layout_loops_ring, fedhas_altar_1, serial_co_window_serial,
          co_window_paths_b, co_window_corner_a, co_window_corner_a,
          co_window_corner_a, co_window_cross_1, co_window_paths_a,
          co_window_unsneaky_path_c, co_window_broadway_c, co_window_corner_b,
          co_window_paths_e, glass_columns_a
D:4:      layout_gridville
D:5:      layout_loops_cross, general_overflow_altar,
          nicolae_uskayaw_dance_hall, mainiacjoe_overflow_alcove_4,
          jmf_multi_god_temple2, cheibriados_altar_1,
          nicolae_concentric_dashed_squares_mild
D:6:      layout_cave_pools, minmay_temple_entry_gardened_gates
Temple:   compressed_dpeg_triangle_lava_temple

Skill      XL: |  1  2  3  4  5  6  7  8  9 |
---------------+----------------------------+-----
Spellcasting   | 3 |  3.0
Conjurations   | 2 3 4 5 6 |  6.2
Fire Magic     | 4 5 6 |  6.2
Shields        | 4 6 |  6.7
Dodging        | |  1.5
Stealth        | |  3.0

Action                     |  1- 3 |  4- 6 |  7- 9 || total
---------------------------+-------+-------+-------++-------
  Melee: Unarmed           |    13 |       |       ||    13
         Dagger            |     1 |    24 |    17 ||    42
         Punch             |       |     1 |       ||     1
   Cast: Foxfire           |    64 |   100 |   136 ||   300
         Scorch            |       |     5 |    26 ||    31
         Flame Wave        |       |       |     1 ||     1
Ability: Spit Poison       |     3 |     2 |     1 ||     6
    Use: Scroll            |       |     4 |     1 ||     5
         Potion            |       |       |     5 ||     5
 Armour: Robe              |     5 |    14 |    23 ||    42
         Skin              |       |       |    19 ||    19
  Dodge: Dodged            |    24 |    43 |    78 ||   145
